Map: Dusk Towers

Players

BabyBean - Winner!

  • Race: Terran Terran
  • League: Master

DeepEnd

  • Race: Terran Terran
  • League: Diamond

VOD

Have the link to the VOD?

Description

Time

  • Played on: March 1, 2016, 9:45 p.m.
  • Length: 22:46
Show
View Real Time Build Order
Export as new Build Order

BabyBean Terran - Winner!

Build Orders: Reaper Expand, Bio Tank 

Get SALT Encoding   

  12  0:00  SCV  
  13  0:13  SCV  
  14  0:19  Supply Depot  
  14  0:25  SCV  
  15  0:41  SCV  
  16  0:43  Barracks  
  16  0:46  Refinery  
  16  0:53  SCV  
  17  1:05  SCV  
  18  1:17  SCV  
  19  1:31  Orbital Command  
  19  1:32  Reaper  
  20  1:45  Command Center  
  20  1:58  SCV  
  20  1:59  Supply Depot  
  21  2:04  Marine  
  22  2:10  SCV  
  22  2:15  Factory  
  22  2:19  Refinery  
  22  2:22  Marine, SCV  
  24  2:34  SCV  
  25  2:40  Marine  
  26  2:53  SCV  
  26  2:56  Orbital Command  
  27  2:59  Widow Mine, Starport  
  27  3:00  Barracks Reactor  
  29  3:05  SCV  
  30  3:17  SCV  
  30  3:24  Supply Depot  
  30  3:26  SCV  
  31  3:30  SCV  
  32  3:36  Viking, Hellion  
  32  3:38  SCV  
  37  3:42  Marine, Engineering Bay  
  37  3:44  Marine  
  37  4:00  Marine  
  37  4:02  Marine  
  39  4:05  SCV x2  
  39  4:07  Factory Tech Lab  
  41  4:13  Missile Turret  
  41  4:14  Missile Turret  
  41  4:17  SCV x2  
  41  4:18  Supply Depot  
  41  4:19  Viking  
  41  4:21  Marine  
  46  4:29  SCV x2  
  46  4:30  Cyclone  
  48  4:47  SCV x2  
  50  4:54  Marine x2, Starport Reactor  
  50  4:59  Barracks  
  52  5:02  Barracks  
  52  5:11  SCV x2  
  54  5:15  Refinery  
  54  5:16  Terran Infantry Weapons Level 1  
  54  5:23  SCV  
  54  5:24  Siege Tank  
  54  5:25  Marine x2  
  54  5:27  SCV  
  61  5:33  Supply Depot  
  61  5:34  Supply Depot  
  61  5:35  SCV  
  62  5:40  SCV  
  63  5:44  Refinery  
  63  5:45  Medivac  
  63  5:46  Marine x2  
  63  5:48  Barracks Tech Lab  
  63  5:49  Barracks Tech Lab  
  67  5:51  SCV  
  67  5:55  Supply Depot  
  68  6:05  SCV  
  68  6:07  SCV  
  70  6:16  Stimpack, Combat Shields  
  70  6:17  Marine x4, SCV  
  75  6:19  SCV  
  75  6:20  Medivac  
  75  6:22  Supply Depot x2  
  78  6:29  SCV  
  78  6:32  SCV  
  80  6:34  Siege Tank  
  80  6:35  Marine x2  
  80  6:36  Marine x2  
  87  6:41  SCV  
  88  6:53  Marine x3  
  91  6:54  Command Center  
  91  6:57  Marine  
  92  7:10  Marine, Siege Tank  
  92  7:11  Marine  
  92  7:13  SCV  
  98  7:16  Supply Depot  
  98  7:28  Marine x3  
  98  7:29  Marine, Medivac x2  
  106  7:36  Barracks  
  106  7:38  Barracks  
  106  7:45  Siege Tank  
  106  7:46  Marine x3, Terran Infantry Armor Level 1  
  106  7:47  Reaper  
  106  7:50  Engineering Bay  
  113  7:58  Armory  
  113  8:04  Marine x2  
  115  8:14  Marine  
  115  8:19  Marine  
  108  8:22  Marine x2  
  107  8:32  Marine, Barracks Reactor  
  107  8:33  Barracks Reactor  
  103  8:37  Marine  
  103  8:39  Marine  
  103  8:40  Marine  
  105  8:49  Siege Tank  
  105  8:50  Marine  
  105  8:51  Terran Infantry Weapons Level 2  
  105  8:53  Terran Vehicle Weapons Level 1  
  105  8:54  Marine, Orbital Command  
  110  8:57  Marine x2  
  112  9:05  Medivac  
  112  9:06  Medivac  
  112  9:07  Marine, Factory, Refinery  
  112  9:08  Marine x2  
  112  9:09  Marine x2  
  121  9:10  SCV  
  121  9:11  Refinery  
  121  9:12  Marine  
  121  9:15  Marine x2  
  121  9:16  Supply Depot  
  125  9:17  Supply Depot  
  125  9:18  SCV  
  125  9:22  SCV  
  127  9:27  Marine x2  
  127  9:28  Marine x3  
  132  9:33  Marine  
  132  9:37  Marine x2, Siege Tank  
  138  9:40  Supply Depot  
  138  9:43  SCV x2  
  138  9:45  Marine x3  
  140  9:48  SCV  
  144  9:53  Terran Infantry Armor Level 2  
  144  9:54  Marine x3  
  144  9:55  SCV  
  146  10:05  Marine x3, Factory Tech Lab  
  149  10:10  Siege Tank  
  149  10:14  Marine x5  
  156  10:21  Command Center  
  156  10:23  Marine  
  157  10:36  Marine  
  157  10:55  Marine x2  
  157  10:56  Marine  
  157  10:57  Marine x5  
  157  10:58  Medivac x2  
  157  10:59  Siege Tank x2  
  142  11:13  Marine x2  
  142  11:14  Marine x2  
  142  11:15  Marine x4, SCV  
  147  11:31  Marine x2, Medivac, Siege Tank x2  
  147  11:32  Marine x2  
  157  11:33  Marine x4  
  162  11:49  Marine x2  
  162  11:50  Marine x3  
  162  11:51  Marine x3  
  170  11:57  Medivac  
  170  12:01  Terran Vehicle Weapons Level 2, Terran Infantry Weapons Level 3  
  171  12:07  Marine  
  172  12:14  Marine, Supply Depot x2, SCV, Siege Tank x2  
  180  12:35  Marine x8, SCV, Medivac  
  180  12:36  SCV  
  192  12:46  Planetary Fortress, Siege Tank  
  195  12:53  Marine  
  196  13:04  Barracks, Supply Depot  
  196  13:05  Barracks, Supply Depot  
  196  13:11  Barracks  
  196  13:25  Marine x4  
  200  13:55  Command Center  
  200  14:00  Marine  
  200  14:14  Barracks Reactor  
  200  14:15  Barracks Reactor x2  
  200  14:20  Supply Depot  
  200  14:22  Terran Infantry Armor Level 3  
  200  14:32  Fusion Core, Starport  
  200  14:33  Refinery x2  
  200  14:34  Starport x2  
  200  14:35  Starport  
  200  14:45  Terran Vehicle Weapons Level 3  
  200  14:48  Command Center  
  200  15:13  Starport Tech Lab  
  200  15:14  Starport Tech Lab x3  
  200  15:35  Marine  
  200  15:36  Marine x2  
  186  15:45  Battlecruiser x2  
  195  15:53  Marine x2  
  195  15:54  Marine, Battlecruiser  
  195  15:55  Battlecruiser  
  194  16:08  Weapon Refit  
  194  16:10  Marine  
  195  16:11  Marine  
  195  16:13  Orbital Command  
  195  16:15  Starport  
  196  16:18  Orbital Command  
  175  17:01  Battlecruiser x4  
  193  17:06  Starport Tech Lab  
  199  17:12  Supply Depot  
  199  17:24  Refinery  
  199  17:29  Refinery  
  199  17:30  Command Center  
  199  17:59  Command Center  
  180  19:19  Battlecruiser x3  
  196  19:29  Battlecruiser  
  200  20:03  Terran Ship Weapons Level 1  
  200  20:39  Command Center  
  200  21:20  Command Center  
  188  21:49  Command Center  
  188  21:50  Command Center  
  188  21:52  Command Center  
  188  21:53  Command Center  
  194  21:56  Command Center x2  
  194  22:03  Command Center  
Show
View Real Time Build Order
Export as new Build Order

DeepEnd Terran 

Build Orders: MMM Bio 

Get SALT Encoding   

  12  0:00  SCV  
  13  0:13  SCV  
  14  0:18  Supply Depot  
  14  0:25  SCV  
  15  0:39  SCV  
  15  0:42  Barracks  
  16  0:47  Refinery  
  16  0:51  SCV  
  17  1:03  SCV  
  18  1:15  SCV  
  19  1:28  Orbital Command  
  19  1:29  Supply Depot  
  19  1:31  Reaper  
  20  1:42  Refinery  
  20  1:54  SCV  
  20  1:58  Barracks  
  21  2:06  Reaper, Barracks  
  22  2:16  SCV  
  23  2:23  Barracks  
  23  2:28  SCV  
  24  2:31  Supply Depot  
  24  2:38  Reaper  
  24  2:40  SCV  
  26  2:46  Reaper  
  27  2:52  SCV  
  27  2:53  Reaper  
  27  2:54  Supply Depot  
  29  3:10  Reaper  
  30  3:18  Reaper  
  30  3:19  Reaper  
  31  3:25  Reaper  
  32  3:42  Reaper, Command Center  
  32  3:50  Reaper  
  32  3:58  Reaper  
  32  4:01  Reaper  
  32  4:14  Reaper, Factory  
  33  4:28  Barracks Tech Lab  
  33  4:31  Reaper, Command Center  
  29  4:53  Orbital Command  
  29  4:54  SCV  
  30  5:06  SCV  
  29  5:08  Stimpack  
  29  5:09  Marine x2  
  31  5:16  Factory Reactor, Starport  
  31  5:19  SCV x2  
  33  5:22  Marine x2  
  35  5:29  Marine  
  35  5:31  SCV x2  
  35  5:33  Engineering Bay  
  39  5:36  Barracks Tech Lab  
  39  5:40  Marine, Barracks Reactor  
  39  5:43  SCV x2  
  39  5:45  Orbital Command  
  39  5:47  Marine  
  42  5:55  SCV  
  42  5:56  Supply Depot  
  43  5:57  SCV  
  43  5:58  Marine  
  43  6:00  Terran Infantry Weapons Level 1  
  43  6:01  Marine  
  46  6:07  SCV  
  46  6:09  SCV  
  46  6:10  Medivac, Barracks Reactor  
  50  6:16  Marine, SCV  
  52  6:18  Marine x3, Refinery  
  52  6:19  SCV  
  52  6:21  SCV  
  57  6:28  SCV  
  57  6:31  Missile Turret  
  58  6:33  Marine, SCV, Missile Turret  
  58  6:35  SCV, Medivac  
  58  6:36  Marine x3  
  66  6:41  SCV, Refinery  
  66  6:43  Missile Turret  
  66  6:45  SCV  
  66  6:46  Marine  
  69  6:47  SCV  
  69  6:50  Marine, Engineering Bay  
  69  6:51  Marine  
  69  6:53  SCV, Combat Shields  
  73  6:54  Marine  
  73  6:58  Marine  
  73  6:59  SCV  
  73  7:00  SCV  
  73  7:01  Marine  
  78  7:03  Marine  
  78  7:07  Marine, SCV  
  81  7:09  Marine  
  81  7:10  Supply Depot  
  81  7:12  Marine, Supply Depot  
  83  7:16  Marine  
  83  7:19  Marine  
  83  7:21  Marine  
  83  7:24  SCV x2  
  83  7:25  Marine  
  83  7:27  Marine  
  84  7:30  Marine  
  84  7:34  Marine, SCV  
  84  7:36  Marine, SCV, Missile Turret  
  84  7:37  Medivac x2  
  91  7:39  Marine  
  91  7:41  SCV  
  91  7:43  Marine  
  96  7:45  Marine  
  96  7:46  SCV  
  96  7:47  Marine  
  96  7:48  SCV  
  96  7:50  Supply Depot  
  100  7:51  Terran Infantry Armor Level 1  
  100  7:53  SCV  
  101  8:11  Marine x2  
  101  8:12  Marine x2  
  103  8:16  Marine  
  103  8:18  Marine  
  100  8:29  Marine x4, SCV  
  100  8:32  SCV  
  100  8:33  Medivac x2  
  109  8:41  Marine x2  
  109  8:56  Barracks x2  
  109  8:57  Barracks  
  109  8:59  Missile Turret  
  109  9:03  Armory  
  109  9:06  SCV  
  109  9:17  Command Center  
  109  9:31  Marine x3, Supply Depot x3  
  109  9:32  SCV, Medivac x2  
  117  9:52  Marine x6, SCV  
  126  9:53  Marine  
  126  9:56  Barracks Reactor  
  126  9:57  Barracks Reactor  
  126  9:59  SCV, Refinery  
  126  10:01  Command Center  
  126  10:02  Refinery  
  116  10:07  Medivac x2  
  116  10:10  Marine x6  
  116  10:11  Marine  
  127  10:28  Marine x7  
  128  10:40  Marine x4  
  128  10:41  Medivac x2  
  136  10:45  Marine x5  
  136  10:46  SCV  
  136  10:47  Marine  
  143  10:50  Supply Depot x2  
  143  10:51  Marine  
  143  10:53  Supply Depot  
  139  10:57  Marine  
  139  10:59  Marine x2  
  139  11:00  Marine  
  139  11:03  Marine x3  
  139  11:04  Marine  
  106  11:05  Marine x2  
  106  11:09  Marine  
  99  11:15  Marine  
  99  11:17  Marine x2  
  96  11:18  Marine  
  96  11:21  Marine x4  
  96  11:22  Marine  
  96  11:23  Marine  
  100  11:27  Marine  
  86  11:33  Marine  
  86  11:35  Marine x2  
  86  11:36  Marine  
  86  11:39  Marine x3  
  75  11:53  Marine  
  55  12:15  Command Center  
  19  13:17  SCV  
  20  13:29  SCV  
  20  13:31  Command Center  
  6  13:46  Orbital Command  
  6  13:48  Command Center  
  6  14:17  SCV  
  5  15:00  Engineering Bay  
  5  15:13  Supply Depot  
  5  15:20  Supply Depot  
  3  16:45  Missile Turret  
  3  16:53  Missile Turret  
Tags
 
Add a new tag
Caveats
  • Supply blocks, unpowered buildings, or Contaminate may cause inaccurate times.
  • Supply counts are checked every 10 seconds.